 Dungeon Crawl Stone Soup version 0.22-a0-417-g1387785 (webtiles) character file.

30 Kairos the Skirmisher (level 3, 23/30 HPs)
             Began as a Barachi Fighter on May 14, 2018.
             Quit the game on level 1 of the Dungeon.
             The game lasted 00:00:38 (788 turns).

Kairos the Skirmisher (Barachi Fighter)              Turns: 788, Time: 00:00:38

Health: 23/30      AC:  7    Str: 18    XL:     3   Next: 18%
Magic:  3/3        EV:  7    Int:  8    God:
Gold:   64         SH:  9    Dex: 11    Spells: 2/2 levels left

rFire    . . .     SeeInvis .   a - +0 war axe
rCold    . . .     Gourm    .   c - +0 shield
rNeg     . . .     Faith    .   b - +0 scale mail
rPois    .         Spirit   .   (no helmet)
rElec    .         Reflect  .   (no cloak)
rCorr    .         Harm     .   (no gloves)
MR       .....                  (no boots)
Stlth    ..........             (no amulet)
HPRegen  0.10/turn              (no ring)
MPRegen  0.08/turn              (no ring)

@: about to teleport, slow
A: +LOS, swims, slowness 1, strong legs 1
a: Hop


You were on level 1 of the Dungeon.
You were not hungry.

You visited 1 branch of the dungeon, and saw 1 of its levels.

You collected 64 gold pieces.

Inventory:

Hand Weapons
 a - a +0 war axe (weapon)
Armour
 b - a +0 scale mail (worn)
 c - a +0 shield (worn)
Potions
 d - a potion of might
 e - a potion of magic {unknown}
 h - a potion of mutation {unknown}
 i - a potion of berserk rage {unknown}
 j - a potion of haste {unknown}
Comestibles
 f - 2 rations


   Skills:
 + Level 4.2 Fighting
 + Level 2.5 Axes
 + Level 4.0 Armour
 + Level 3.6 Shields


You had 2 spell levels left.
You didn't know any spells.
Your spell library was empty.

Dungeon Overview and Level Annotations

Branches:
Dungeon (1/15)

Altars:


Innate Abilities, Weirdness & Mutations

Shadows flee at your approach. (+LOS)
You can swim through water.
You cover ground slowly.
You can hop short distances.


Message History

The leopard gecko bites you but does no damage.
You block the leopard gecko's attack.
You slash the leopard gecko!
You kill the leopard gecko!
No target in view!
No target in view!
Things that are here:
a club; a hobgoblin corpse Done exploring.
Done exploring.
Done exploring.
No target in view!
Done exploring.
No target in view!
As you read the scroll labeled ZUUDDO WAJIHOR, it crumbles to dust.
You feel strangely unstable.
It was a scroll of teleportation.
As you read the scroll labeled LEXZEOFUDU, it crumbles to dust.
The air around you briefly surges with heat, but it dissipates.
It was a scroll of immolation.
Are you sure you want to abandon this character and quit the game? (Confirm with "yes".)

#........####...# #...#
#######...<...........#####...#
......#.......................###
#####.#...#######................
# #.#...# #...#####........ #
###.#...# #...# #...####. #
#...#...# #...# #...# #. #
#.#.#^..#######)†.#####...####.
###.#.#.........@................
......#..........................
###.#.###########################
#.### #.# #...# # #.#### #.#
##.## # #....# ##'## #.# ####>#
##...## ##.## ### #.###.....##
##...##
##.###.##.......###.....###


There were no monsters in sight!

Vanquished Creatures
  3 dart slugs (D:1)
  2 leopard geckos (D:1)
  2 giant cockroaches (D:1)
  3 hobgoblins (D:1)
  2 kobolds (D:1)
  A frilled lizard (D:1)
  4 goblins (D:1)
  5 rats (D:1)
22 creatures vanquished.

Notes
Turn   | Place    | Note
-------+----------+-------------------------------------------
     0 | D:1      | Kairos the Barachi Fighter began the quest for the Orb.
     0 | D:1      | Reached XP level 1. HP: 18/18 MP: 1/1
   109 | D:1      | Reached XP level 2. HP: 22/25 MP: 2/2
   477 | D:1      | Reached XP level 3. HP: 28/30 MP: 3/3
   788 | D:1      | Quit the game

Vault maps used:
D:1:      dpeg_arrival_boxorama

Skill      XL: |  1  2 |
---------------+-------+-----
Fighting       | 4 |  4.2
Armour         | 4 |  4.0
Axes           | |  2.5
Shields        | |  3.6

Action                   || total
-------------------------++-------
Melee: War axe           ||    42
  Use: Scroll            ||     2
Armor: Scale mail        ||    12
Dodge: Dodged            ||    11
Block: Shield            ||    21

Table legend:
 A = Spawn XP
 B = Non-spawn XP
 C = Spawn XP percentage of total XP
 D = Spawn monster count
 E = Non-spawn monster count
 F = Spawn count percentage of total count
 G = Total turns spent on level
                    A         B        C        D         E        F      G
               +---------+---------+-------+---------+---------+-------+---------
         Total |       0 |      43 |   0.0 |       0 |      22 |   0.0 |   788
               +---------+---------+-------+---------+---------+-------+---------
           D:1 |       0 |      43 |   0.0 |       0 |      22 |   0.0 |   788
               +---------+---------+-------+---------+---------+-------+---------
